 Dungeon Crawl Stone Soup version 0.26-a0-778-g3fe0686644 (webtiles) character file.

Game seed: 13278117408684638884

16 rikardo the Conjurer (level 2, 0/19 HPs)
             Began as a Demonspawn Conjurer on Nov 9, 2020.
             Killed from afar by a dart slug (5 damage)
             ... with a slug dart
             ... on level 2 of the Dungeon.
             The game lasted 00:01:22 (1353 turns).

rikardo the Conjurer (Demonspawn Conjurer)          Turns: 1353, Time: 00:01:23

Health: 0/19       AC:  3    Str:  7    XL:     2   Next: 41%
Magic:  5/5        EV: 11    Int: 19    God:
Gold:   113        SH:  0    Dex: 11    Spells: 4/5 levels left

rFire    . . .     SeeInvis .   a - +0 mace
rCold    . . .     Faith    .   (no shield)
rNeg     . . .     Spirit   .   c - +0 leather armour
rPois    .         Reflect  .   (no helmet)
rElec    .         Harm     .   f - scarf {+Inv}
rCorr    .         Rampage  .   (no gloves)
MR       .....                  (no boots)
Stlth    +.........             (no amulet)
HPRegen  0.06/turn              (no ring)
MPRegen  0.09/turn              (no ring)

@: lethally poisoned (0 -> -8)
A: demonic guardian 1
a: Evoke Invisibility


You were on level 2 of the Dungeon.
You visited 1 branch of the dungeon, and saw 2 of its levels.

You collected 113 gold pieces.

Inventory:

Hand Weapons
 a - a +0 mace (weapon)
Missiles
 g - 18 arrows
 i - 9 bolts
Armour
 c - a +0 leather armour (worn)
 f - a scarf of invisibility (worn)
Scrolls
 d - a scroll of enchant weapon {unknown}
 e - a scroll of remove curse {unknown}
Potions
 b - 2 potions of attraction {unknown}
 h - a potion of degeneration {unknown}


   Skills:
 - Level 1.7 Dodging
 - Level 1.7 Stealth
 * Level 2.1 Spellcasting
 * Level 4.6 Conjurations


You had 4 spell levels left.
You knew the following spells:

 Your Spells              Type           Power        Failure   Level
a - Magic Dart            Conj           ###.         3%          1

Your spell library contained the following spells:

 Spells                   Type           Power        Failure   Level
 Searing Ray              Conj           ###...       6%          2
 Dazzling Flash           Conj/Hex       ##....       28%         3
 Fulminant Prism          Conj/Hex       ##........   67%         4
 Iskenderun's Mystic Bla  Conj/Tloc      ##......     67%         4


Dungeon Overview and Level Annotations

Branches:
Dungeon (2/15)

Altars:


Innate Abilities, Weirdness & Mutations

A weak demonic guardian rushes to your aid.


Message History

The bat dies!
The adder barely misses you. The adder closely misses you.
Your iron imp barely misses the worm.
The adder bites you.
You are poisoned.
The adder poisons you!
Your iron imp closely misses the worm.
You feel sick. The adder barely misses you.
The adder bites you but does no damage.
Your iron imp barely misses the worm.
You feel sick. The adder bites you. The worm closely misses you.
The adder bites you.
You are more poisoned.
The adder poisons you!
Your iron imp hits the worm!
The dart slug misses you.
You feel sick. The adder bites you. The worm bites you.
* * * LOW HITPOINT WARNING * * *
Your iron imp hits the worm!
The worm dies!
The adder misses you. The dart slug launches a dart at you.
The slug dart hits you.
You die...

### #######
...$##.<..)##
............##
...#.††@.....#
. #.5.Sw....#
#.........#
#.>.......#
...........#
###.........#
#.........#
#.........#


You could see an adder, a dart slug and a friendly iron imp (summoned).

Vanquished Creatures
  2 dart slugs (D:1)
  A giant cockroach (D:1)
  A hobgoblin (D:1)
  A bat (D:1)
  3 kobolds (D:1)
  3 rats (D:1)
11 creatures vanquished.

Vanquished Creatures (collateral kills)
  A worm (D:2)
  A bat (D:2)
2 creatures vanquished.

Grand Total: 13 creatures vanquished

Notes
Turn   | Place    | Note
-------+----------+-------------------------------------------
     0 | D:1      | rikardo the Demonspawn Conjurer began the quest for the
                  | Orb.
     0 | D:1      | Reached XP level 1. HP: 13/13 MP: 3/3
   909 | D:1      | Gained mutation: A weak demonic guardian rushes to your
                  | aid. [demonic ancestry]
   909 | D:1      | Reached XP level 2. HP: 19/19 MP: 3/5
  1353 | D:2      | Killed from afar by a dart slug

Illustrated notes

Levels and vault maps discovered:
D:1:      matt_arrival_refuge, layout_rooms, minmay_splitting_lines
D:2:      layout_rooms, lemuel_zombie_altar_yredelemnul

Action                   || total
-------------------------++-------
Melee: Mace              ||     6
 Cast: Magic Dart        ||    19
Armor: Robe              ||     1
       Leather armour    ||     4
Dodge: Dodged            ||    21

Table legend: (Time is in decaauts)
 A = Elapsed time spent in this place.
 B = Non-inter-level travel time spent in this place.
 C = Inter-level travel time spent in this place.
 D = Time resting spent in this place.
 E = Time spent auto-exploring this place.
 F = Levels seen in this place.
 G = Mean time per level.
                   A        B        C        D        E       F      G
               +--------+--------+--------+--------+--------+-----+--------+
         Total |   1354 |   1299 |     55 |    626 |    580 |   2 |  677.0 |
       Dungeon |   1354 |   1299 |     55 |    626 |    580 |   2 |  677.0 |
               +--------+--------+--------+--------+--------+-----+--------+

Top non-repeatable levels by time:
     D:1: 1339 daAuts
     D:2: 14 daAuts
